 Dungeon Crawl Stone Soup version 0.19.1 (webtiles) character file.

629 sepiko the Magician (level 7, -1/50 HPs)
             Began as a White Draconian Fire Elementalist on Dec 17, 2016.
             Slain by a phantom (9 damage)
             ... on level 5 of the Dungeon.
             The game lasted 00:22:50 (4124 turns).

sepiko the Magician (DrFE)                          Turns: 4124, Time: 00:22:50

Health: -1/50      AC:  6    Str: 10    XL:     7   Next: 23%
Magic:  6/24       EV: 12    Int: 17    God:
Gold:   103        SH:  0    Dex: 12    Spells: 2 memorised, 13 levels left

rFire  . . .     SeeInvis .     e - +0 falchion
rCold  + . .     Gourm    .     (armour unavailable)
rNeg   . . .     Faith    .     (no shield)
rPois  .         Spirit   .     (helmet restricted)
rElec  .         Reflect  .     (no cloak)
rCorr  .         Harm     .     (no gloves)
MR     .....                    (no boots)
Stlth  ++........               (no amulet)
                                (no ring)
                                s - ring of magical power

@: no status effects
A: breathe frost, unfitting armour, cold resistance 1, cold-blooded, AC +6
a: Breathe Frost


You were on level 5 of the Dungeon.
You were very hungry.

You visited 1 branch of the dungeon, and saw 5 of its levels.

You collected 103 gold pieces.

Inventory:

Hand Weapons
 e - a +0 falchion (weapon)
 i - a +1 dagger
 y - the cursed +3 dagger of Wyrd {elec, *Contam +Rage Int+2 Dex+5}
   (You found it on level 4 of the Dungeon)

   Occasionally, upon striking a foe, it will discharge some electrical energy
   and cause terrible harm.
   It affects your intelligence (+2).
   It affects your dexterity (+5).
   It lets you go berserk.
   It causes magical contamination when unequipped.
   It has a curse placed upon it.
 B - a +0 long sword of venom
Armour
 c - a +1 pair of boots
Jewellery
 l - an uncursed amulet of rage
 s - a ring of magical power (left hand)
Wands
 t - a wand of disintegration (22/24)
 w - a wand of heal wounds (4/9)
Scrolls
 d - 2 scrolls of identify
 h - a scroll of enchant armour
 k - a scroll of enchant weapon
Potions
 g - a potion of degeneration {unknown}
 j - a potion of cancellation
 m - a potion of agility {unknown}
 o - a potion of might {unknown}
 q - a potion of curing {unknown}
 v - a potion of ambrosia {unknown}
 x - a potion of haste {unknown}
 A - a potion of brilliance {unknown}
Books
 a - a book of Flames

   Spells                             Type                      Level
   a - Flame Tongue                   Conjuration/Fire             1
   b - Throw Flame                    Conjuration/Fire             2
   c - Conjure Flame                  Conjuration/Fire             3
   d - Inner Flame                    Hexes/Fire                   3
   e - Sticky Flame                   Conjuration/Fire             4
   f - Fireball                       Conjuration/Fire             5
 r - a book of Misfortune

   Spells                             Type                      Level
   a - Confusing Touch                Hexes                        1
   b - Confuse                        Hexes                        3
   c - Gell's Gravitas                Hexes/Translocation          3
   d - Petrify                        Transmutation/Earth          4
   e - Metabolic Englaciation         Hexes/Ice                    5
   f - Yara's Violent Unravelling     Hexes/Transmutation          5
Comestibles
 b - 5 bread rations
 n - a beef jerky
 p - a royal jelly
 u - 2 meat rations


   Skills:
 - Level 1.7 Dodging
 - Level 1.7 Stealth
 + Level 5.4 Spellcasting
 - Level 1.0 Conjurations
 - Level 5.2 Fire Magic


You had 13 spell levels left.
You knew the following spells:

 Your Spells              Type           Power        Failure   Level  Hunger
a - Flame Tongue          Conj/Fire      ###..        4%          1    None
b - Throw Flame           Conj/Fire      ###...       10%         2    #......


Dungeon Overview and Level Annotations

Branches:
Dungeon (5/15)
 Temple: D:4-7

Altars:
Dithmenos
Fedhas
Ru
Trog


Innate Abilities, Weirdness & Mutations

You can breathe waves of freezing cold.
You can buffet flying creatures when you breathe cold.
Your icy white scales are hard. (AC +6)
You cannot fit into any form of body armour.
Your flesh is cold resistant. (rC+)
You are cold-blooded and may be slowed by cold attacks.


Message History

You are too injured to fight recklessly!
You are too injured to fight recklessly!
You are too injured to fight recklessly!
You are too injured to fight recklessly!
You are too injured to fight recklessly!
You are too injured to fight recklessly!
You are too injured to fight recklessly!
You are too injured to fight recklessly!
You are too injured to fight recklessly!
You are too injured to fight recklessly!
You are too injured to fight recklessly!
The phantom closely misses you.
You closely miss the phantom.
The phantom is severely damaged.
The phantom hits you.
* * * LOW HITPOINT WARNING * * *
You closely miss the phantom. You tail-slap the phantom.
The phantom is severely damaged.
The phantom hits you!
You die...

#.........##.....###.####
#.........#..........#
#.........#.##.#######
#.#.####..............
#.#.# #....##########
#.#.# ####....# #.#.#
#....# #.#.#######....#
#.#......##..@.########
#.#.........W..........
#.#......##............
#......##........###
#......##........####
#########............
####.........
#.......%....[..
#.#####.........


You could see a phantom.

Vanquished Creatures
  2 ogres (D:4)
  A centaur (D:4)
  2 hounds
  An orc priest (D:4)
  An orc wizard (D:3)
  Ijyb (D:1)
  Natasha (twice) (D:3)
  A worker ant (D:5)
  4 adders
  An ooze (D:3)
  An adder skeleton (D:4)
  3 worms
  3 dart slugs
  2 leopard geckos
  10 orcs
  A ball python (D:1)
  5 giant cockroaches
  17 goblins
  7 hobgoblins
  6 jackals (D:2)
  5 kobolds
  4 bats
  8 frilled lizards
  A quokka skeleton (D:4)
  9 rats
98 creatures vanquished.

Notes
Turn   | Place    | Note
-------+----------+-------------------------------------------
     0 | D:1      | sepiko the Draconian Fire Elementalist began the quest for the Orb.
     0 | D:1      | Reached XP level 1. HP: 14/14 MP: 3/3
   310 | D:1      | Reached XP level 2. HP: 12/20 MP: 1/5
   890 | D:2      | Found a blossoming altar of Fedhas.
   952 | D:2      | Reached XP level 3. HP: 26/26 MP: 2/6
  1349 | D:2      | Reached XP level 4. HP: 27/33 MP: 4/8
  1362 | D:2      | Found a faded altar of an unknown god.
  1590 | D:2      | Noticed Ijyb
  1612 | D:1      | Learned a level 2 spell: Throw Flame
  1690 | D:1      | Killed Ijyb
  1943 | D:3      | Noticed Natasha
  1951 | D:3      | Killed Natasha
  1951 | D:3      | Reached XP level 5. HP: 30/38 MP: 6/10
  1964 | D:3      | Found a shadowy altar of Dithmenos.
  2267 | D:3      | Reached skill level 5 in Fire Magic
  2288 | D:3      | Noticed Natasha
  2291 | D:3      | Killed Natasha
  2750 | D:4      | Noticed an ogre
  2761 | D:4      | Killed an ogre
  2761 | D:4      | Reached XP level 6. HP: 19/45 MP: 12/12
  2842 | D:4      | Got an ancient dagger
  2879 | D:4      | Identified the cursed +3 dagger of Wyrd {elec, *Contam +Rage Int+2 Dex+5} (You found it on level 4 of the Dungeon)
  3512 | D:4      | Found a sacrificial altar of Ru.
  3512 | D:4      | Found a bloodstained altar of Trog.
  3772 | D:4      | Reached skill level 5 in Spellcasting
  3772 | D:4      | Your scales start taking on an icy white colour.
  3772 | D:4      | Reduced skill Fire Magic to level 5
  3772 | D:4      | Reached XP level 7. HP: 43/50 MP: 12/14
  3772 | D:4      | Gained mutation: Your flesh is cold resistant. (rC+) [White Draconian growth]
  4012 | D:5      | Entered Level 5 of the Dungeon
  4124 | D:5      | Slain by a phantom

Skill      XL: |  1  2  3  4  5  6 |
---------------+-------------------+-----
Fire Magic     | 4 5 5 |  5.2
Spellcasting   | 3 4 5 |  5.4
Dodging        | |  1.7
Stealth        | |  1.7
Conjurations   | |  1.0

Action                   |  1- 3 |  4- 6 |  7- 9 || total
-------------------------+-------+-------+-------++-------
Melee: Unarmed           |     4 |       |       ||     4
       Tailslap          |     4 |     2 |     2 ||     8
       Dagger            |    25 |    25 |       ||    50
       Short sword       |       |    11 |       ||    11
       Falchion          |       |    16 |    15 ||    31
 Cast: Flame Tongue      |    52 |    85 |     9 ||   146
       Throw Flame       |       |    44 |    10 ||    54
  Use: Scroll            |       |    10 |       ||    10
       Potion            |       |       |     1 ||     1
 Stab: Sleeping          |     1 |       |       ||     1
  Eat: Chunk             |     2 |     9 |       ||    11
Armor: Skin              |    12 |    31 |     6 ||    49
Dodge: Dodged            |    38 |   111 |    16 ||   165
       Rpst.: Falchion   |       |    10 |     5 ||    15
